WCHLSIM.com - West Coast Hockey League
html PUBLIC "-//W3C//DTD XHTML 1.0 Transitional//EN" "http://www.w3.org/TR/xhtml1/DTD/xhtml1-transitional.dtd"> WCHL - Game 24 - COLORADO GLACIERCATS vs REGINA FALCONS

COLORADO GLACIERCATS vs REGINA FALCONS

Created - 15 novembre 2020 at 22:12

Goals
1 2 3 OT1 SO T
COLORADO GLACIERCATS 1 0 3 0 1 5
REGINA FALCONS 1 2 1 0 0 4
Shots
1 2 3 OT1 SO T
COLORADO GLACIERCATS 17 12 12 4 3 45
REGINA FALCONS 6 10 5 1 3 22

1st period

1. COLORADO GLACIERCATS , Alex Iafallo 1 (Lars Eller 2, Brayden Schenn 1) at 13:16
2. REGINA FALCONS , Jonathan Miller 1 (David Pastrnak 1, Brenden Dillon 1) at 19:24

Penalties :
Brenden Dillon (REG) for Hooking (Minor) at 0:39, Dustin Brown (COL) for Roughing (Minor) at 5:43, Anton Stralman (REG) for Holding (Minor) at 19:54

2nd period

3. REGINA FALCONS , Max Pacioretty 1 (David Pastrnak 2, Jonathan Miller 1) at 6:25 (PP)
4. REGINA FALCONS , Max Pacioretty 2 (Brandon Carlo 1, Jonathan Miller 2) at 11:14

Penalties :
Ilya Lyubushkin (COL) for Interference (Minor) at 4:46, Brandon Carlo (REG) for Holding (Minor) at 7:14, Ryan Getzlaf (REG) for Holding (Minor) at 15:51, Brandon Carlo (REG) for High sticking (Double Minor) at 19:15

3rd period

5. COLORADO GLACIERCATS , Brayden Schenn 2 (Ryan Ellis 1, Phillip Danault 2) at 1:45 (PP)
6. COLORADO GLACIERCATS , Alex Iafallo 2 (Ryan Ellis 2, Brayden Schenn 2) at 7:25
7. REGINA FALCONS , Jonathan Audy-Marchessault 2 (Ryan Getzlaf 2, Patrik Laine 3) at 13:09
8. COLORADO GLACIERCATS , Tomas Hertl 1 (Leon Draisaitl 2, Phillip Danault 3) at 16:40

Penalties :
Anton Stralman (REG) for Roughing (Minor) at 2:25, Matt Martin (REG) for Holding (Minor) at 3:16

Overtime #1

No Goal

Penalties :
No Penalty

Shootout

COLORADO GLACIERCATS, Leon Draisaitl - Shot Misses the Net
REGINA FALCONS, Jonathan Miller - Stopped by Darcy Kuemper
COLORADO GLACIERCATS, Brayden Schenn - Stopped by Frederik Andersen
REGINA FALCONS, Ryan Getzlaf - Stopped by Darcy Kuemper
COLORADO GLACIERCATS, Tomas Hertl - Goal!
REGINA FALCONS, David Pastrnak - Stopped by Darcy Kuemper

Penalties :
No Penalty

Goalie Stats

Darcy Kuemper (COL), 18 saves from 22 shots - (0,818), W, 1-0-0, 65:00 minutes
Frederik Andersen (REG), 41 saves from 45 shots - (0,911), OTL, 1-0-1, 65:00 minutes

Players Stats for COLORADO GLACIERCATS

Player Name              G  A  P  +/- PIM S  H  SB GA TA FO     MP     PP MP  PK MP  
------------------------------------------------------------------------------------
Alex Iafallo             2  0  2   1  0   8  0  0  0  0  0/0    21:15   6:41   0:00 
Brayden Schenn           1  2  3   1  0   4  3  0  0  0  0/0    22:10   6:35   0:00 
Devon Toews              0  0  0   0  0   1  2  2  0  0  0/0    25:42   7:15   2:09 
Dustin Brown             0  0  0  -1  2   1  2  0  0  0  1/2    16:14   6:35   0:00 
Ilya Lyubushkin          0  0  0   0  2   0  0  1  0  0  0/0    12:29   0:00   0:00 
Joel Edmundson           0  0  0   0  0   0  2  1  0  0  0/0    24:01   6:01   0:52 
Joonas Donskoi           0  0  0  -1  0   1  0  0  0  0  0/0    11:41   0:00   2:01 
Jordan Martinook         0  0  0   0  0   0  0  0  0  0  0/0     5:51   0:00   0:00 
Lars Eller               0  1  1   1  0   5  1  2  0  0  13/25  16:11   0:00   1:37 
Leon Draisaitl           0  1  1   0  0   5  2  0  0  0  1/1    22:20   6:41   0:00 
Luke Glendening          0  0  0  -1  0   4  0  0  0  0  6/13   11:17   0:00   1:37 
Nathan Beaulieu          0  0  0   0  0   0  1  0  0  0  0/0    15:38   0:00   1:07 
Phillip Danault          0  2  2   0  0   3  0  0  0  0  15/34  24:45   6:35   2:01 
Ryan Ellis               0  2  2   0  0   8  0  1  0  0  0/0    27:41   7:15   2:06 
Sam Gagner               0  0  0   0  0   0  0  0  0  0  1/3     5:51   0:00   0:00 
Tomas Hertl              1  0  1   0  0   4  1  0  0  0  5/12   22:55   6:41   0:00 
Zach Aston-Reese         0  0  0   0  0   1  0  0  0  0  0/1     5:51   0:00   0:00 
Zach Bogosian            0  0  0   0  0   0  0  1  0  0  0/0    19:28   6:01   1:02 

Players Stats for REGINA FALCONS

Player Name              G  A  P  +/- PIM S  H  SB GA TA FO     MP     PP MP  PK MP  
------------------------------------------------------------------------------------
Anton Stralman           0  0  0   1  4   0  2  2  0  0  0/0    17:47   0:00   0:00 
Brandon Carlo            0  1  1  -2  6   2  5  2  0  0  0/0    20:38   1:33   4:13 
Brenden Dillon           0  1  1   1  2   0  2  0  0  0  0/0    17:39   0:00   5:21 
Christoffer Ehn          0  0  0  -1  0   0  1  0  0  0  0/0     3:11   0:00   0:00 
Corey Perry              0  0  0   0  0   1  0  0  0  0  0/1    16:46   0:00   7:05 
David Pastrnak           0  2  2   1  0   3  0  0  0  0  0/0    20:41   1:33   0:00 
Denis Malgin             0  0  0  -1  0   1  0  0  0  0  2/6     8:53   0:00   5:42 
Derick Brassard          0  0  0  -1  0   2  0  1  0  0  24/35  20:02   0:00   7:10 
Erik Gustafsson          0  0  0   0  0   0  2  0  0  0  0/0     5:01   2:05   1:58 
Erik Johnson             0  0  0   1  0   0  1  1  0  0  0/0    20:04   2:05   0:00 
Jonathan Audy-Marchessau 1  0  1   0  0   2  1  0  0  0  0/0    16:32   2:05   0:17 
Jonathan Miller          1  2  3   1  0   4  2  1  0  0  13/30  19:33   1:33   0:00 
Marc-Edouard Vlasic      0  0  0  -2  0   0  1  5  0  0  0/0    21:57   0:00   7:03 
Matt Martin              0  0  0   0  2   1  0  1  0  0  0/0    14:26   0:00   4:45 
Max Pacioretty           2  0  2   1  0   3  0  0  0  0  0/1    20:41   1:33   0:00 
Olli Maatta              0  0  0   1  0   1  2  0  0  0  0/0    21:49   1:33   7:57 
Patrik Laine             0  1  1   0  0   2  0  1  0  0  0/1    16:15   2:05   0:00 
Ryan Getzlaf             0  1  1   0  2   0  0  0  0  0  10/17  18:34   2:05   0:24 

3 Stars

1 - Brayden Schenn (COL)
2 - Jonathan Miller (REG)
3 - Alex Iafallo (COL)

Power Play

COLORADO GLACIERCATS - 1 on 8 Attempt(s) - 12,50%
REGINA FALCONS - 1 on 2 Attempt(s) - 50,00%

Penalty Kill

COLORADO GLACIERCATS - 1 on 2 Attempt(s) - 50,00% - Score 0 goal in Penalty Kill
REGINA FALCONS - 7 on 8 Attempt(s) - 87,50% - Score 0 goal in Penalty Kill

Team Stat

COLORADO GLACIERCATS - Hits : 14 - Faceoff Wins : 42 - Blocked Shots : 8 - Penalty Minutes : 4
REGINA FALCONS - Hits : 19 - Faceoff Wins : 49 - Blocked Shots : 14 - Penalty Minutes : 16

Official

Referees : Andrew Howard and Eric Furlatt
Linesman : Ken Bonham and Pierre Racicot

Game Notes

No Game Note

Finance

Level 1 -- Attendance: 3080 (51,33%) -- Ticket Income 770 000 $
Level 2 -- Attendance: 2350 (47,00%) -- Ticket Income 470 000 $
Level 3 -- Attendance: 903 (45,15%) -- Ticket Income 135 450 $
Level 4 -- Attendance: 1757 (43,93%) -- Ticket Income 175 700 $
Luxury Box -- Attendance: 1000 (100,00%) -- Ticket Income 220 000 $
Game was played at the Larouche Arena.
Total Attendance: 9090 (50,50%)
Total Ticket Income: 1 771 150 $
Other Income: 619 902 $
Total Income: 2 391 052 $

COLORADO GLACIERCATS

5 vs 5 Forward 
   Center                   Left Wing                Right Wing               Time % Phy DF OF 
 1 Phillip Danault          Tomas Hertl              Leon Draisaitl           35     0   2  3  
 2 Lars Eller               Alex Iafallo             Brayden Schenn           35     0   2  3  
 3 Luke Glendening          Joonas Donskoi           Dustin Brown             23     0   3  2  
 4 Sam Gagner               Jordan Martinook         Zach Aston-Reese         7      1   3  1  

5 vs 5 Defense 
   Defense                  Defense                                           Time % Phy DF OF 
 1 Ryan Ellis               Devon Toews                                       40     0   3  2  
 2 Joel Edmundson           Nathan Beaulieu                                   35     0   4  1  
 3 Ilya Lyubushkin          Zach Bogosian                                     25     1   4  0  
 4 Ryan Ellis               Joel Edmundson                                    0      1   2  2  

PowerPlay Forward 
   Center                   Left Wing                Right Wing               Time % Phy DF OF 
 1 Tomas Hertl              Alex Iafallo             Leon Draisaitl           50     0   1  4  
 2 Phillip Danault          Brayden Schenn           Dustin Brown             50     0   1  4  

PowerPlay Defense
   Defense                  Defense                                           Time % Phy DF OF 
 1 Ryan Ellis               Devon Toews                                       50     0   1  4  
 2 Joel Edmundson           Zach Bogosian                                     50     0   2  3  

Penalty Kill 4 Players Forward 
   Center                   Wing                     Time % Phy DF OF 
 1 Phillip Danault          Joonas Donskoi           50     0   4  1  
 2 Lars Eller               Luke Glendening          50     0   4  1  

Penalty Kill 4 Players Defense
   Defense                  Defense                  Time % Phy DF OF 
 1 Ryan Ellis               Joel Edmundson           50     1   4  0  
 2 Devon Toews              Nathan Beaulieu          50     1   4  0  

Penalty Kill - 3 Players Forward 
   Forward                                           Time % Phy DF OF 
 1 Lars Eller                                        50     0   5  0  
 2 Lars Eller                                        50     0   5  0  

Penalty Kill - 3 Players Defense
   Defense                  Defense                  Time % Phy DF OF 
 1 Ryan Ellis               Joel Edmundson           50     0   5  0  
 2 Nathan Beaulieu          Zach Bogosian            50     0   5  0  

4 vs 4 Forward 
   Center                   Wing                     Time % Phy DF OF 
 1 Lars Eller               Leon Draisaitl           50     0   1  4  
 2 Phillip Danault          Tomas Hertl              50     0   1  4  

4 vs 4 Defense
   Defense                  Defense                  Time % Phy DF OF 
 1 Joel Edmundson           Ryan Ellis               50     0   3  2  
 2 Zach Bogosian            Devon Toews              50     0   3  2  

Last Minutes Offensive
   Center                   Left Wing                Right Wing               Defense                  Defense                  
   Tomas Hertl              Brayden Schenn           Leon Draisaitl           Ryan Ellis               Devon Toews              

Last Minutes Defensive
   Center                   Left Wing                Right Wing               Defense                  Defense                  
   Lars Eller               Leon Draisaitl           Luke Glendening          Ryan Ellis               Joel Edmundson           

Goaltenders
Starting : Darcy Kuemper            
Backup : David Rittich            

Extra Forwards
Normal : Leon Draisaitl, Tomas Hertl, Lars Eller - PP : Lars Eller, Joonas Donskoi - PK : Leon Draisaitl
Extra Defensemen
Normal : Joel Edmundson, Ryan Ellis, Ilya Lyubushkin - PP : Nathan Beaulieu - PK : Zach Bogosian, Ilya Lyubushkin
Penalty Shots
Leon Draisaitl, Brayden Schenn, Tomas Hertl, Phillip Danault, Alex Iafallo
Custom OT Lines Forwards
Leon Draisaitl, Phillip Danault, Tomas Hertl, Brayden Schenn, Lars Eller, Alex Iafallo, Joonas Donskoi, Dustin Brown, Luke Glendening, Sam Gagner
Custom OT Lines Defensemen
Joel Edmundson, Ryan Ellis, Devon Toews, Nathan Beaulieu, Zach Bogosian

Scratches
None

REGINA FALCONS

5 vs 5 Forward 
   Center                   Left Wing                Right Wing               Time % Phy DF OF 
 1 Jonathan Miller          Max Pacioretty           David Pastrnak           36     0   0  5  
 2 Ryan Getzlaf             Patrik Laine             Jonathan Audy-Marchessaul31     0   2  3  
 3 Derick Brassard          Matt Martin              Corey Perry              23     1   2  2  
 4 Derick Brassard          Christoffer Ehn          Denis Malgin             10     1   3  1  

5 vs 5 Defense 
   Defense                  Defense                                           Time % Phy DF OF 
 1 Anton Stralman           Erik Johnson                                      37     1   2  2  
 2 Marc-Edouard Vlasic      Brandon Carlo                                     35     1   2  2  
 3 Brenden Dillon           Olli Maatta                                       28     1   2  2  
 4 Erik Gustafsson          Anton Stralman                                    0      1   2  2  

PowerPlay Forward 
   Center                   Left Wing                Right Wing               Time % Phy DF OF 
 1 Jonathan Miller          Max Pacioretty           David Pastrnak           55     0   0  5  
 2 Ryan Getzlaf             Patrik Laine             Jonathan Audy-Marchessaul45     0   0  5  

PowerPlay Defense
   Defense                  Defense                                           Time % Phy DF OF 
 1 Erik Gustafsson          Erik Johnson                                      55     1   1  3  
 2 Olli Maatta              Brandon Carlo                                     45     1   1  3  

Penalty Kill 4 Players Forward 
   Center                   Wing                     Time % Phy DF OF 
 1 Derick Brassard          Corey Perry              55     0   5  0  
 2 Denis Malgin             Matt Martin              45     0   5  0  

Penalty Kill 4 Players Defense
   Defense                  Defense                  Time % Phy DF OF 
 1 Marc-Edouard Vlasic      Brandon Carlo            55     1   4  0  
 2 Brenden Dillon           Olli Maatta              45     1   4  0  

Penalty Kill - 3 Players Forward 
   Forward                                           Time % Phy DF OF 
 1 Derick Brassard                                   55     1   2  2  
 2 Denis Malgin                                      45     1   2  2  

Penalty Kill - 3 Players Defense
   Defense                  Defense                  Time % Phy DF OF 
 1 Marc-Edouard Vlasic      Brandon Carlo            55     1   2  2  
 2 Brenden Dillon           Olli Maatta              45     1   2  2  

4 vs 4 Forward 
   Center                   Wing                     Time % Phy DF OF 
 1 Ryan Getzlaf             Patrik Laine             55     1   2  2  
 2 Jonathan Miller          Max Pacioretty           45     1   2  2  

4 vs 4 Defense
   Defense                  Defense                  Time % Phy DF OF 
 1 Anton Stralman           Erik Johnson             55     1   2  2  
 2 Marc-Edouard Vlasic      Brandon Carlo            45     1   2  2  

Last Minutes Offensive
   Center                   Left Wing                Right Wing               Defense                  Defense                  
   Jonathan Miller          Max Pacioretty           David Pastrnak           Anton Stralman           Erik Johnson             

Last Minutes Defensive
   Center                   Left Wing                Right Wing               Defense                  Defense                  
   Jonathan Miller          Max Pacioretty           David Pastrnak           Anton Stralman           Erik Johnson             

Goaltenders
Starting : Frederik Andersen        
Backup : Anton Khudobin           

Extra Forwards
Normal : Jonathan Audy-Marchessault, Corey Perry, Matt Martin - PP : Jonathan Audy-Marchessault, Corey Perry - PK : Matt Martin
Extra Defensemen
Normal : Brenden Dillon, Olli Maatta, Erik Gustafsson - PP : Brenden Dillon - PK : Olli Maatta, Erik Gustafsson
Penalty Shots
Jonathan Miller, Ryan Getzlaf, David Pastrnak, Max Pacioretty, Patrik Laine
Custom OT Lines Forwards
Jonathan Miller, Ryan Getzlaf, David Pastrnak, Max Pacioretty, Patrik Laine, Derick Brassard, Jonathan Audy-Marchessault, Corey Perry, Matt Martin, Denis Malgin
Custom OT Lines Defensemen
Anton Stralman, Erik Johnson, Marc-Edouard Vlasic, Brandon Carlo, Brenden Dillon

Scratches
None


% Time on Ice - COLORADO GLACIERCATS

Lines # - Real PCT - Wanted PCT - Time Play
Normal Forward
1 - 32% - 35% - 13:52
2 - 32% - 35% - 13:43
3 - 22% - 23% - 9:40
4 - 14% - 7% - 5:51
Normal Defense
1 - 36% - 40% - 15:27
2 - 33% - 35% - 14:05
3 - 29% - 25% - 12:30
4 - 2% - 0% - 1:04
PP Forward
1 - 50% - 50% - 6:41
2 - 50% - 50% - 6:35
PP Defense
1 - 55% - 50% - 7:15
2 - 45% - 50% - 6:01
PK Forward
1 - 56% - 50% - 2:01
2 - 44% - 50% - 1:37
PK Defense
1 - 41% - 50% - 1:29
2 - 59% - 50% - 2:09
PK3 Forward
1 - 0% - 50%
2 - 0% - 50%
PK3 Defense
1 - 0% - 50%
2 - 0% - 50%
44 Forward
1 - 0% - 50%
2 - 0% - 50%
44 Defense
1 - 0% - 50%
2 - 0% - 50%
Last Minute Offensive  - 0:00
Last Minute Defensive  - 0:00
Total
Forward - 60:00
Defense - 60:00

% Time on Ice - REGINA FALCONS

Lines # - Real PCT - Wanted PCT - Time Play
Normal Forward
1 - 37% - 36% - 16:04
2 - 33% - 31% - 14:10
3 - 22% - 23% - 9:41
4 - 7% - 10% - 3:11
Normal Defense
1 - 35% - 37% - 14:55
2 - 35% - 35% - 14:54
3 - 29% - 28% - 12:19
4 - 2% - 0% - 0:58
PP Forward
1 - 43% - 55% - 1:33
2 - 57% - 45% - 2:05
PP Defense
1 - 57% - 55% - 2:05
2 - 43% - 45% - 1:33
PK Forward
1 - 58% - 55% - 7:05
2 - 42% - 45% - 5:03
PK Defense
1 - 52% - 55% - 6:15
2 - 48% - 45% - 5:53
PK3 Forward
1 - 43% - 55% - 0:29
2 - 57% - 45% - 0:39
PK3 Defense
1 - 71% - 55% - 0:48
2 - 29% - 45% - 0:20
44 Forward
1 - 0% - 55%
2 - 0% - 45%
44 Defense
1 - 0% - 55%
2 - 0% - 45%
Last Minute Offensive  - 0:00
Last Minute Defensive  - 0:00
Total
Forward - 60:00
Defense - 60:00

Play-by-Play

1st period


0:01 of 1st period - Jonathan Miller wins face-off versus Phillip Danault in neutral zone.
0:20 of 1st period - Shot by Leon Draisaitl.
0:20 of 1st period - Deflect By Tomas Hertl.
0:20 of 1st period - Stopped by Frederik Andersen without a rebound.
0:21 of 1st period - Ryan Getzlaf wins face-off versus Lars Eller in REGINA FALCONS zone.
0:32 of 1st period - Shot by Jonathan Audy-Marchessault.
0:32 of 1st period - Deflect By Patrik Laine.
0:32 of 1st period - Stopped by Darcy Kuemper without a rebound.
0:33 of 1st period - Derick Brassard wins face-off versus Luke Glendening in COLORADO GLACIERCATS zone.
0:39 of 1st period - Minor Penalty to Brenden Dillon for Hooking.
0:40 of 1st period - Tomas Hertl wins face-off versus Derick Brassard in REGINA FALCONS zone.
0:48 of 1st period - Shot by Tomas Hertl.
0:48 of 1st period - Deflect By Alex Iafallo.
0:48 of 1st period - Stopped by Frederik Andersen without a rebound.
0:49 of 1st period - Denis Malgin wins face-off versus Phillip Danault in REGINA FALCONS zone.
0:58 of 1st period - Shot by Phillip Danault.
0:58 of 1st period - Shot Blocked by Marc-Edouard Vlasic.
1:10 of 1st period - Shot by Brayden Schenn.
1:10 of 1st period - Shot Misses the Net.
1:22 of 1st period - Shot by Derick Brassard.
1:22 of 1st period - Shot Misses the Net.
1:33 of 1st period - Off-side.
1:34 of 1st period - Derick Brassard wins face-off versus Tomas Hertl in neutral zone.
3:01 of 1st period - Icing by Nathan Beaulieu.
3:02 of 1st period - Sam Gagner wins face-off versus Jonathan Miller in COLORADO GLACIERCATS zone.
3:02 of 1st period - Sam Gagner is hit by Jonathan Miller.
3:19 of 1st period - Icing by Nathan Beaulieu.
3:20 of 1st period - Ryan Getzlaf wins face-off versus Sam Gagner in COLORADO GLACIERCATS zone.
3:28 of 1st period - Patrik Laine is hit by Joel Edmundson.
3:32 of 1st period - Shot by Patrik Laine.
3:32 of 1st period - Stopped by Darcy Kuemper without a rebound.
3:33 of 1st period - Lars Eller wins face-off versus Derick Brassard in COLORADO GLACIERCATS zone.
4:40 of 1st period - Icing by Zach Bogosian.
4:41 of 1st period - Lars Eller wins face-off versus Ryan Getzlaf in COLORADO GLACIERCATS zone.
4:56 of 1st period - Shot by Tomas Hertl.
4:56 of 1st period - Shot Misses the Net.
4:58 of 1st period - Shot by Phillip Danault.
4:58 of 1st period - Stopped by Frederik Andersen with a rebound.
5:09 of 1st period - Patrik Laine is hit by Leon Draisaitl and loses puck.
5:32 of 1st period - Shot by Tomas Hertl.
5:32 of 1st period - Stopped by Frederik Andersen without a rebound.
5:33 of 1st period - Luke Glendening wins face-off versus Jonathan Miller in REGINA FALCONS zone.
5:37 of 1st period - Joonas Donskoi is hit by Brenden Dillon and loses puck.
5:43 of 1st period - Minor Penalty to Dustin Brown for Roughing.
5:44 of 1st period - Phillip Danault wins face-off versus Jonathan Miller in COLORADO GLACIERCATS zone.
5:50 of 1st period - Icing by David Pastrnak.
5:51 of 1st period - Lars Eller wins face-off versus Jonathan Miller in REGINA FALCONS zone.
6:08 of 1st period - Shot by Lars Eller.
6:08 of 1st period - Shot Blocked by Jonathan Miller.
7:15 of 1st period - Shot by Jonathan Audy-Marchessault.
7:15 of 1st period - Shot Misses the Net.
8:15 of 1st period - Icing by Corey Perry.
8:16 of 1st period - Lars Eller wins face-off versus Derick Brassard in REGINA FALCONS zone.
9:06 of 1st period - Icing by Ryan Ellis.
9:07 of 1st period - Lars Eller wins face-off versus Patrik Laine in COLORADO GLACIERCATS zone.
9:14 of 1st period - Patrik Laine is hit by Lars Eller and loses puck.
9:22 of 1st period - Icing by Ryan Getzlaf.
9:23 of 1st period - Ryan Getzlaf wins face-off versus Phillip Danault in REGINA FALCONS zone.
10:13 of 1st period - Icing by Ilya Lyubushkin.
10:14 of 1st period - Phillip Danault wins face-off versus Jonathan Miller in COLORADO GLACIERCATS zone.
11:12 of 1st period - Shot by Luke Glendening.
11:12 of 1st period - Stopped by Frederik Andersen without a rebound.
11:13 of 1st period - Derick Brassard wins face-off versus Lars Eller in REGINA FALCONS zone.
11:13 of 1st period - Derick Brassard is hit by Brayden Schenn.
11:19 of 1st period - Shot by Lars Eller.
11:19 of 1st period - Stopped by Frederik Andersen without a rebound.
11:20 of 1st period - Denis Malgin wins face-off versus Lars Eller in REGINA FALCONS zone.
11:41 of 1st period - Shot by Derick Brassard.
11:41 of 1st period - Stopped by Darcy Kuemper without a rebound.
11:42 of 1st period - Ryan Getzlaf wins face-off versus Phillip Danault in COLORADO GLACIERCATS zone.
11:48 of 1st period - Ryan Getzlaf is hit by Devon Toews.
12:21 of 1st period - Jonathan Audy-Marchessault is hit by Devon Toews and loses puck.
12:54 of 1st period - Shot by Joonas Donskoi.
12:54 of 1st period - Stopped by Frederik Andersen without a rebound.
12:55 of 1st period - Lars Eller wins face-off versus Jonathan Miller in REGINA FALCONS zone.
13:10 of 1st period - Shot by Lars Eller.
13:10 of 1st period - Shot Blocked by Marc-Edouard Vlasic.
13:12 of 1st period - Shot by Lars Eller.
13:12 of 1st period - Shot Misses the Net.
13:14 of 1st period - Shot by Alex Iafallo.
13:14 of 1st period - Stopped by Frederik Andersen with a rebound.
13:16 of 1st period - Shot by Lars Eller.
13:16 of 1st period - Deflect By Alex Iafallo.
13:16 of 1st period - Goal by Alex Iafallo - COLORADO GLACIERCATS : 1 - REGINA FALCONS : 0.
13:17 of 1st period - Luke Glendening wins face-off versus Derick Brassard in neutral zone.
13:54 of 1st period - Off-side.
13:55 of 1st period - Jonathan Miller wins face-off versus Phillip Danault in neutral zone.
15:12 of 1st period - Shot by Lars Eller.
15:12 of 1st period - Shot Misses the Net.
15:27 of 1st period - Shot by Brayden Schenn.
15:27 of 1st period - Stopped by Frederik Andersen without a rebound.
15:28 of 1st period - Derick Brassard wins face-off versus Luke Glendening in REGINA FALCONS zone.
15:33 of 1st period - Shot by Dustin Brown.
15:33 of 1st period - Stopped by Frederik Andersen without a rebound.
15:34 of 1st period - Derick Brassard wins face-off versus Luke Glendening in REGINA FALCONS zone.
15:44 of 1st period - Shot by Derick Brassard.
15:44 of 1st period - Stopped by Darcy Kuemper with a rebound.
15:46 of 1st period - Shot by Olli Maatta.
15:46 of 1st period - Stopped by Darcy Kuemper without a rebound.
15:47 of 1st period - Phillip Danault wins face-off versus Ryan Getzlaf in COLORADO GLACIERCATS zone.
17:11 of 1st period - Shot by Lars Eller.
17:11 of 1st period - Stopped by Frederik Andersen with a rebound.
17:22 of 1st period - Off-side.
17:23 of 1st period - Luke Glendening wins face-off versus Derick Brassard in neutral zone.
17:37 of 1st period - Joonas Donskoi is hit by Brenden Dillon and loses puck.
17:40 of 1st period - Shot by Luke Glendening.
17:40 of 1st period - Stopped by Frederik Andersen with a rebound.
17:49 of 1st period - Luke Glendening is hit by Olli Maatta.
18:04 of 1st period - Shot by Luke Glendening.
18:04 of 1st period - Stopped by Frederik Andersen without a rebound.
18:05 of 1st period - Lars Eller wins face-off versus Jonathan Miller in REGINA FALCONS zone.
18:09 of 1st period - Icing by Erik Johnson.
18:10 of 1st period - Jonathan Miller wins face-off versus Lars Eller in REGINA FALCONS zone.
18:14 of 1st period - Off-side.
18:15 of 1st period - Jonathan Miller wins face-off versus Lars Eller in neutral zone.
18:30 of 1st period - Shot by Alex Iafallo.
18:30 of 1st period - Shot Misses the Net.
18:32 of 1st period - Shot by Lars Eller.
18:32 of 1st period - Shot Misses the Net.
18:34 of 1st period - Shot by Joel Edmundson.
18:34 of 1st period - Shot Blocked by Marc-Edouard Vlasic.
18:38 of 1st period - Shot by Alex Iafallo.
18:38 of 1st period - Shot Blocked by Brandon Carlo.
18:40 of 1st period - Shot by Joel Edmundson.
18:40 of 1st period - Deflect By Alex Iafallo.
18:40 of 1st period - Stopped by Frederik Andersen without a rebound.
18:41 of 1st period - Phillip Danault wins face-off versus Denis Malgin in REGINA FALCONS zone.
18:50 of 1st period - Shot by Leon Draisaitl.
18:50 of 1st period - Stopped by Frederik Andersen without a rebound.
18:51 of 1st period - Jonathan Miller wins face-off versus Tomas Hertl in REGINA FALCONS zone.
18:58 of 1st period - Shot by David Pastrnak.
18:58 of 1st period - Shot Blocked by Ryan Ellis.
19:24 of 1st period - Shot by Jonathan Miller.
19:24 of 1st period - Goal by Jonathan Miller - COLORADO GLACIERCATS : 1 - REGINA FALCONS : 1.
19:25 of 1st period - Derick Brassard wins face-off versus Lars Eller in neutral zone.
19:54 of 1st period - Shot by Alex Iafallo.
19:54 of 1st period - Stopped by Frederik Andersen without a rebound.
19:54 of 1st period - Minor Penalty to Anton Stralman for Holding.
19:55 of 1st period - Derick Brassard wins face-off versus Phillip Danault in REGINA FALCONS zone.
Goals for this period are 1 for COLORADO GLACIERCATS vs 1 for REGINA FALCONS.
Shots for this period are 17 for COLORADO GLACIERCATS vs 6 for REGINA FALCONS.

2nd period


0:01 of 2nd period - Derick Brassard wins face-off versus Phillip Danault in neutral zone.
0:35 of 2nd period - Shot by Denis Malgin.
0:35 of 2nd period - Shot Misses the Net.
0:39 of 2nd period - Shot by Denis Malgin.
0:39 of 2nd period - Stopped by Darcy Kuemper with a rebound.
0:41 of 2nd period - Shot by Matt Martin.
0:41 of 2nd period - Stopped by Darcy Kuemper without a rebound.
0:42 of 2nd period - Derick Brassard wins face-off versus Tomas Hertl in COLORADO GLACIERCATS zone.
1:00 of 2nd period - Shot by Ryan Ellis.
1:00 of 2nd period - Stopped by Frederik Andersen without a rebound.
1:01 of 2nd period - Tomas Hertl wins face-off versus Derick Brassard in REGINA FALCONS zone.
2:02 of 2nd period - Shot by Zach Aston-Reese.
2:02 of 2nd period - Shot Blocked by Anton Stralman.
2:12 of 2nd period - Shot by Jordan Martinook.
2:12 of 2nd period - Shot Misses the Net.
2:56 of 2nd period - Shot by Jonathan Audy-Marchessault.
2:56 of 2nd period - Shot Misses the Net.
2:58 of 2nd period - Shot by Ryan Getzlaf.
2:58 of 2nd period - Shot Misses the Net.
3:28 of 2nd period - Shot by Ryan Getzlaf.
3:28 of 2nd period - Deflect By Patrik Laine.
3:28 of 2nd period - Shot Blocked by Joel Edmundson.
3:30 of 2nd period - Shot by Brandon Carlo.
3:30 of 2nd period - Shot Misses the Net.
3:32 of 2nd period - Shot by Marc-Edouard Vlasic.
3:32 of 2nd period - Shot Misses the Net.
4:07 of 2nd period - Shot by Brayden Schenn.
4:07 of 2nd period - Stopped by Frederik Andersen with a rebound.
4:19 of 2nd period - Shot by Brayden Schenn.
4:19 of 2nd period - Shot Blocked by Derick Brassard.
4:21 of 2nd period - Shot by Ryan Ellis.
4:21 of 2nd period - Stopped by Frederik Andersen without a rebound.
4:22 of 2nd period - Leon Draisaitl wins face-off versus Jonathan Miller in REGINA FALCONS zone.
4:33 of 2nd period - Shot by Leon Draisaitl.
4:33 of 2nd period - Shot Misses the Net.
4:46 of 2nd period - Minor Penalty to Ilya Lyubushkin for Interference.
4:47 of 2nd period - Lars Eller wins face-off versus Ryan Getzlaf in COLORADO GLACIERCATS zone.
4:53 of 2nd period - Icing by Erik Gustafsson.
4:54 of 2nd period - Ryan Getzlaf wins face-off versus Luke Glendening in REGINA FALCONS zone.
6:25 of 2nd period - Shot by David Pastrnak.
6:25 of 2nd period - Deflect By Max Pacioretty.
6:25 of 2nd period - Goal by Max Pacioretty - COLORADO GLACIERCATS : 1 - REGINA FALCONS : 2.
6:26 of 2nd period - Lars Eller wins face-off versus Corey Perry in neutral zone.
6:30 of 2nd period - Icing by Marc-Edouard Vlasic.
6:31 of 2nd period - Derick Brassard wins face-off versus Lars Eller in REGINA FALCONS zone.
6:45 of 2nd period - Lars Eller is hit by Brandon Carlo and loses puck.
7:05 of 2nd period - Shot by Brayden Schenn.
7:05 of 2nd period - Shot Misses the Net.
7:14 of 2nd period - Minor Penalty to Brandon Carlo for Holding.
7:15 of 2nd period - Derick Brassard wins face-off versus Phillip Danault in REGINA FALCONS zone.
7:23 of 2nd period - Icing by Ryan Ellis.
7:24 of 2nd period - Derick Brassard wins face-off versus Phillip Danault in COLORADO GLACIERCATS zone.
7:29 of 2nd period - Shot by Corey Perry.
7:29 of 2nd period - Stopped by Darcy Kuemper with a rebound.
7:37 of 2nd period - Shot by Ryan Ellis.
7:37 of 2nd period - Shot Misses the Net.
7:39 of 2nd period - Shot by Ryan Ellis.
7:39 of 2nd period - Stopped by Frederik Andersen without a rebound.
7:40 of 2nd period - Tomas Hertl wins face-off versus Denis Malgin in REGINA FALCONS zone.
7:41 of 2nd period - Shot by Ryan Ellis.
7:41 of 2nd period - Stopped by Frederik Andersen with a rebound.
7:46 of 2nd period - Leon Draisaitl is hit by Olli Maatta and loses puck.
7:55 of 2nd period - Shot by Ryan Ellis.
7:55 of 2nd period - Shot Misses the Net.
7:57 of 2nd period - Shot by Ryan Ellis.
7:57 of 2nd period - Stopped by Frederik Andersen without a rebound.
7:58 of 2nd period - Derick Brassard wins face-off versus Phillip Danault in REGINA FALCONS zone.
8:18 of 2nd period - Shot by Phillip Danault.
8:18 of 2nd period - Stopped by Frederik Andersen without a rebound.
8:19 of 2nd period - Tomas Hertl wins face-off versus Denis Malgin in REGINA FALCONS zone.
8:19 of 2nd period - Tomas Hertl is hit by Erik Gustafsson.
8:32 of 2nd period - Tomas Hertl is hit by Erik Gustafsson and loses puck.
8:35 of 2nd period - Shot by Tomas Hertl.
8:35 of 2nd period - Shot Misses the Net.
8:37 of 2nd period - Shot by Devon Toews.
8:37 of 2nd period - Stopped by Frederik Andersen without a rebound.
8:38 of 2nd period - Derick Brassard wins face-off versus Phillip Danault in REGINA FALCONS zone.
9:17 of 2nd period - Icing by Ryan Ellis.
9:18 of 2nd period - Jonathan Miller wins face-off versus Sam Gagner in COLORADO GLACIERCATS zone.
9:27 of 2nd period - Shot by David Pastrnak.
9:27 of 2nd period - Shot Misses the Net.
9:36 of 2nd period - Off-side.
9:37 of 2nd period - Phillip Danault wins face-off versus Ryan Getzlaf in neutral zone.
9:46 of 2nd period - Shot by Leon Draisaitl.
9:46 of 2nd period - Shot Blocked by Anton Stralman.
11:02 of 2nd period - Shot by Max Pacioretty.
11:02 of 2nd period - Shot Blocked by Devon Toews.
11:04 of 2nd period - Shot by Jonathan Miller.
11:04 of 2nd period - Shot Misses the Net.
11:06 of 2nd period - Shot by Jonathan Miller.
11:06 of 2nd period - Stopped by Darcy Kuemper with a rebound.
11:14 of 2nd period - Shot by Max Pacioretty.
11:14 of 2nd period - Goal by Max Pacioretty - COLORADO GLACIERCATS : 1 - REGINA FALCONS : 3.
11:15 of 2nd period - Derick Brassard wins face-off versus Lars Eller in neutral zone.
11:54 of 2nd period - Shot by Lars Eller.
11:54 of 2nd period - Deflect By Brayden Schenn.
11:54 of 2nd period - Shot Misses the Net.
12:16 of 2nd period - Shot by Patrik Laine.
12:16 of 2nd period - Shot Blocked by Lars Eller.
12:22 of 2nd period - Shot by Patrik Laine.
12:22 of 2nd period - Deflect By Jonathan Audy-Marchessault.
12:22 of 2nd period - Shot Blocked by Ilya Lyubushkin.
12:43 of 2nd period - Icing by Zach Bogosian.
12:44 of 2nd period - Lars Eller wins face-off versus Jonathan Miller in COLORADO GLACIERCATS zone.
13:10 of 2nd period - Icing by Brandon Carlo.
13:11 of 2nd period - Phillip Danault wins face-off versus Jonathan Miller in REGINA FALCONS zone.
13:26 of 2nd period - Shot by Leon Draisaitl.
13:26 of 2nd period - Stopped by Frederik Andersen without a rebound.
13:27 of 2nd period - Luke Glendening wins face-off versus Ryan Getzlaf in REGINA FALCONS zone.
14:04 of 2nd period - Off-side.
14:05 of 2nd period - Jonathan Miller wins face-off versus Phillip Danault in neutral zone.
14:46 of 2nd period - Shot by Max Pacioretty.
14:46 of 2nd period - Deflect By David Pastrnak.
14:46 of 2nd period - Stopped by Darcy Kuemper with a rebound.
14:48 of 2nd period - Shot by Jonathan Miller.
14:48 of 2nd period - Deflect By Max Pacioretty.
14:48 of 2nd period - Stopped by Darcy Kuemper with a rebound.
14:50 of 2nd period - Shot by David Pastrnak.
14:50 of 2nd period - Shot Misses the Net.
15:23 of 2nd period - Derick Brassard is hit by Joel Edmundson and loses puck.
15:34 of 2nd period - Shot by Derick Brassard.
15:34 of 2nd period - Shot Misses the Net.
15:36 of 2nd period - Shot by Brandon Carlo.
15:36 of 2nd period - Stopped by Darcy Kuemper without a rebound.
15:37 of 2nd period - Ryan Getzlaf wins face-off versus Lars Eller in COLORADO GLACIERCATS zone.
15:51 of 2nd period - Minor Penalty to Ryan Getzlaf for Holding.
15:52 of 2nd period - Phillip Danault wins face-off versus Derick Brassard in REGINA FALCONS zone.
16:47 of 2nd period - Shot by Leon Draisaitl.
16:47 of 2nd period - Shot Blocked by Brandon Carlo.
17:12 of 2nd period - Shot by Ryan Ellis.
17:12 of 2nd period - Stopped by Frederik Andersen with a rebound.
17:14 of 2nd period - Shot by Alex Iafallo.
17:14 of 2nd period - Stopped by Frederik Andersen without a rebound.
17:15 of 2nd period - Derick Brassard wins face-off versus Tomas Hertl in REGINA FALCONS zone.
17:52 of 2nd period - Joonas Donskoi is hit by Jonathan Miller.
18:25 of 2nd period - Shot by David Pastrnak.
18:25 of 2nd period - Stopped by Darcy Kuemper without a rebound.
18:26 of 2nd period - Ryan Getzlaf wins face-off versus Zach Aston-Reese in COLORADO GLACIERCATS zone.
18:47 of 2nd period - Shot by Zach Aston-Reese.
18:47 of 2nd period - Stopped by Frederik Andersen with a rebound.
19:11 of 2nd period - Jordan Martinook is hit by Brandon Carlo and loses puck.
19:15 of 2nd period - Double Minor Penalty to Brandon Carlo for High sticking.
19:16 of 2nd period - Phillip Danault wins face-off versus Derick Brassard in REGINA FALCONS zone.
Goals for this period are 0 for COLORADO GLACIERCATS vs 2 for REGINA FALCONS.
Shots for this period are 12 for COLORADO GLACIERCATS vs 10 for REGINA FALCONS.

3rd period


0:01 of 3rd period - Derick Brassard wins face-off versus Tomas Hertl in neutral zone.
0:28 of 3rd period - Shot by Leon Draisaitl.
0:28 of 3rd period - Stopped by Frederik Andersen without a rebound.
0:29 of 3rd period - Phillip Danault wins face-off versus Derick Brassard in REGINA FALCONS zone.
0:48 of 3rd period - Shot by Phillip Danault.
0:48 of 3rd period - Stopped by Frederik Andersen without a rebound.
0:49 of 3rd period - Derick Brassard wins face-off versus Tomas Hertl in REGINA FALCONS zone.
1:43 of 3rd period - Shot by Ryan Ellis.
1:43 of 3rd period - Shot Blocked by Marc-Edouard Vlasic.
1:45 of 3rd period - Shot by Brayden Schenn.
1:45 of 3rd period - Goal by Brayden Schenn - COLORADO GLACIERCATS : 2 - REGINA FALCONS : 3.
1:46 of 3rd period - Jonathan Miller wins face-off versus Luke Glendening in neutral zone.
2:12 of 3rd period - Joonas Donskoi is hit by Anton Stralman and loses puck.
2:24 of 3rd period - Joonas Donskoi is hit by Anton Stralman and loses puck.
2:25 of 3rd period - Minor Penalty to Anton Stralman for Roughing.
2:26 of 3rd period - Derick Brassard wins face-off versus Tomas Hertl in REGINA FALCONS zone.
3:01 of 3rd period - Shot by Leon Draisaitl.
3:01 of 3rd period - Deflect By Tomas Hertl.
3:01 of 3rd period - Shot Misses the Net.
3:03 of 3rd period - Shot by Zach Bogosian.
3:03 of 3rd period - Shot Misses the Net.
3:16 of 3rd period - Minor Penalty to Matt Martin for Holding.
3:17 of 3rd period - Phillip Danault wins face-off versus Denis Malgin in REGINA FALCONS zone.
3:56 of 3rd period - Olli Maatta is hit by Dustin Brown and loses puck.
5:07 of 3rd period - Icing by Phillip Danault.
5:08 of 3rd period - Derick Brassard wins face-off versus Dustin Brown in COLORADO GLACIERCATS zone.
6:58 of 3rd period - Shot by Derick Brassard.
6:58 of 3rd period - Shot Blocked by Zach Bogosian.
7:00 of 3rd period - Shot by Brandon Carlo.
7:00 of 3rd period - Shot Misses the Net.
7:02 of 3rd period - Shot by Brandon Carlo.
7:02 of 3rd period - Shot Misses the Net.
7:04 of 3rd period - Shot by Brandon Carlo.
7:04 of 3rd period - Stopped by Darcy Kuemper without a rebound.
7:05 of 3rd period - Lars Eller wins face-off versus Derick Brassard in COLORADO GLACIERCATS zone.
7:05 of 3rd period - Lars Eller is hit by Christoffer Ehn.
7:25 of 3rd period - Shot by Alex Iafallo.
7:25 of 3rd period - Goal by Alex Iafallo - COLORADO GLACIERCATS : 3 - REGINA FALCONS : 3.
7:26 of 3rd period - Dustin Brown wins face-off versus Jonathan Miller in neutral zone.
7:58 of 3rd period - Shot by Luke Glendening.
7:58 of 3rd period - Stopped by Frederik Andersen without a rebound.
7:59 of 3rd period - Phillip Danault wins face-off versus Ryan Getzlaf in REGINA FALCONS zone.
8:09 of 3rd period - Off-side.
8:10 of 3rd period - Derick Brassard wins face-off versus Lars Eller in neutral zone.
8:16 of 3rd period - Derick Brassard is hit by Nathan Beaulieu and loses puck.
8:27 of 3rd period - Matt Martin is hit by Brayden Schenn and loses puck.
8:50 of 3rd period - Shot by Lars Eller.
8:50 of 3rd period - Deflect By Alex Iafallo.
8:50 of 3rd period - Shot Blocked by Matt Martin.
9:13 of 3rd period - Icing by Devon Toews.
9:14 of 3rd period - Phillip Danault wins face-off versus Jonathan Miller in COLORADO GLACIERCATS zone.
9:18 of 3rd period - Off-side.
9:19 of 3rd period - Jonathan Miller wins face-off versus Luke Glendening in neutral zone.
9:46 of 3rd period - Icing by Brandon Carlo.
9:47 of 3rd period - Jonathan Miller wins face-off versus Phillip Danault in REGINA FALCONS zone.
10:25 of 3rd period - Icing by Devon Toews.
10:26 of 3rd period - Ryan Getzlaf wins face-off versus Phillip Danault in COLORADO GLACIERCATS zone.
10:31 of 3rd period - Shot by Patrik Laine.
10:31 of 3rd period - Shot Blocked by Devon Toews.
11:15 of 3rd period - Joel Edmundson is hit by Jonathan Audy-Marchessault and loses puck.
11:35 of 3rd period - Shot by Lars Eller.
11:35 of 3rd period - Shot Misses the Net.
11:49 of 3rd period - Derick Brassard is hit by Dustin Brown and loses puck.
12:08 of 3rd period - Icing by Olli Maatta.
12:09 of 3rd period - Derick Brassard wins face-off versus Phillip Danault in REGINA FALCONS zone.
12:21 of 3rd period - Ryan Ellis is hit by Brandon Carlo and loses puck.
12:37 of 3rd period - Shot by Jonathan Miller.
12:37 of 3rd period - Stopped by Darcy Kuemper without a rebound.
12:38 of 3rd period - Ryan Getzlaf wins face-off versus Lars Eller in COLORADO GLACIERCATS zone.
12:53 of 3rd period - Shot by Jonathan Audy-Marchessault.
12:53 of 3rd period - Shot Misses the Net.
13:03 of 3rd period - Shot by Patrik Laine.
13:03 of 3rd period - Shot Misses the Net.
13:05 of 3rd period - Shot by Ryan Getzlaf.
13:05 of 3rd period - Deflect By Patrik Laine.
13:05 of 3rd period - Shot Misses the Net.
13:07 of 3rd period - Shot by Ryan Getzlaf.
13:07 of 3rd period - Shot Blocked by Lars Eller.
13:09 of 3rd period - Shot by Jonathan Audy-Marchessault.
13:09 of 3rd period - Goal by Jonathan Audy-Marchessault - COLORADO GLACIERCATS : 3 - REGINA FALCONS : 4.
13:10 of 3rd period - Phillip Danault wins face-off versus Jonathan Miller in neutral zone.
13:19 of 3rd period - Max Pacioretty is hit by Leon Draisaitl and loses puck.
13:30 of 3rd period - Shot by Leon Draisaitl.
13:30 of 3rd period - Shot Blocked by Marc-Edouard Vlasic.
13:32 of 3rd period - Shot by Leon Draisaitl.
13:32 of 3rd period - Shot Misses the Net.
13:34 of 3rd period - Shot by Ryan Ellis.
13:34 of 3rd period - Stopped by Frederik Andersen with a rebound.
13:36 of 3rd period - Shot by Ryan Ellis.
13:36 of 3rd period - Stopped by Frederik Andersen with a rebound.
14:35 of 3rd period - Shot by Alex Iafallo.
14:35 of 3rd period - Stopped by Frederik Andersen without a rebound.
14:36 of 3rd period - Luke Glendening wins face-off versus Ryan Getzlaf in REGINA FALCONS zone.
14:36 of 3rd period - Luke Glendening is hit by Erik Johnson.
15:10 of 3rd period - Icing by Zach Bogosian.
15:11 of 3rd period - Luke Glendening wins face-off versus Derick Brassard in COLORADO GLACIERCATS zone.
16:04 of 3rd period - Shot by Alex Iafallo.
16:04 of 3rd period - Shot Misses the Net.
16:07 of 3rd period - Icing by Brenden Dillon.
16:08 of 3rd period - Derick Brassard wins face-off versus Phillip Danault in REGINA FALCONS zone.
16:08 of 3rd period - Derick Brassard is hit by Tomas Hertl.
16:38 of 3rd period - Shot by Leon Draisaitl.
16:38 of 3rd period - Shot Blocked by Patrik Laine.
16:40 of 3rd period - Shot by Tomas Hertl.
16:40 of 3rd period - Goal by Tomas Hertl - COLORADO GLACIERCATS : 4 - REGINA FALCONS : 4.
16:41 of 3rd period - Lars Eller wins face-off versus Jonathan Miller in neutral zone.
16:46 of 3rd period - Shot by Lars Eller.
16:46 of 3rd period - Stopped by Frederik Andersen without a rebound.
16:47 of 3rd period - Jonathan Miller wins face-off versus Lars Eller in REGINA FALCONS zone.
16:56 of 3rd period - Shot by David Pastrnak.
16:56 of 3rd period - Shot Misses the Net.
16:58 of 3rd period - Shot by Erik Johnson.
16:58 of 3rd period - Shot Misses the Net.
17:00 of 3rd period - Shot by Anton Stralman.
17:00 of 3rd period - Deflect By Jonathan Miller.
17:00 of 3rd period - Stopped by Darcy Kuemper without a rebound.
17:01 of 3rd period - Ryan Getzlaf wins face-off versus Phillip Danault in COLORADO GLACIERCATS zone.
17:04 of 3rd period - Shot by Ryan Getzlaf.
17:04 of 3rd period - Deflect By Jonathan Audy-Marchessault.
17:04 of 3rd period - Stopped by Darcy Kuemper with a rebound.
17:20 of 3rd period - Leon Draisaitl is hit by Brandon Carlo and loses puck.
17:28 of 3rd period - Leon Draisaitl is hit by Brandon Carlo and loses puck.
17:34 of 3rd period - Phillip Danault is hit by Marc-Edouard Vlasic and loses puck.
17:41 of 3rd period - Shot by Leon Draisaitl.
17:41 of 3rd period - Stopped by Frederik Andersen without a rebound.
17:42 of 3rd period - Lars Eller wins face-off versus Jonathan Miller in REGINA FALCONS zone.
18:04 of 3rd period - Shot by Lars Eller.
18:04 of 3rd period - Stopped by Frederik Andersen without a rebound.
18:05 of 3rd period - Derick Brassard wins face-off versus Luke Glendening in REGINA FALCONS zone.
19:02 of 3rd period - Brenden Dillon is hit by Brayden Schenn and loses puck.
Goals for this period are 3 for COLORADO GLACIERCATS vs 1 for REGINA FALCONS.
Shots for this period are 12 for COLORADO GLACIERCATS vs 5 for REGINA FALCONS.

Overtime #1


0:01 of 1st overtime period - Jonathan Miller wins face-off versus Phillip Danault in neutral zone.
0:12 of 1st overtime period - Shot by Jonathan Miller.
0:12 of 1st overtime period - Shot Misses the Net.
0:15 of 1st overtime period - Icing by Joel Edmundson.
0:16 of 1st overtime period - Phillip Danault wins face-off versus Jonathan Miller in COLORADO GLACIERCATS zone.
1:27 of 1st overtime period - Shot by Leon Draisaitl.
1:27 of 1st overtime period - Stopped by Frederik Andersen with a rebound.
1:33 of 1st overtime period - Shot by Brayden Schenn.
1:33 of 1st overtime period - Stopped by Frederik Andersen without a rebound.
1:34 of 1st overtime period - Phillip Danault wins face-off versus Max Pacioretty in REGINA FALCONS zone.
2:03 of 1st overtime period - Shot by David Pastrnak.
2:03 of 1st overtime period - Stopped by Darcy Kuemper without a rebound.
2:04 of 1st overtime period - Tomas Hertl wins face-off versus Jonathan Miller in COLORADO GLACIERCATS zone.
2:33 of 1st overtime period - Shot by Jonathan Miller.
2:33 of 1st overtime period - Shot Misses the Net.
4:06 of 1st overtime period - Shot by Lars Eller.
4:06 of 1st overtime period - Shot Misses the Net.
4:24 of 1st overtime period - Shot by Lars Eller.
4:24 of 1st overtime period - Shot Blocked by Erik Johnson.
4:26 of 1st overtime period - Shot by Lars Eller.
4:26 of 1st overtime period - Stopped by Frederik Andersen with a rebound.
4:56 of 1st overtime period - Shot by Tomas Hertl.
4:56 of 1st overtime period - Stopped by Frederik Andersen without a rebound.
4:57 of 1st overtime period - Jonathan Miller wins face-off versus Phillip Danault in REGINA FALCONS zone.
Goals for this period are 0 for COLORADO GLACIERCATS vs 0 for REGINA FALCONS.
Shots for this period are 4 for COLORADO GLACIERCATS vs 1 for REGINA FALCONS.

ShootOut


5:00 of 1st overtime period - Round #1.
5:00 of 1st overtime period - COLORADO GLACIERCATS, Leon Draisaitl.
5:00 of 1st overtime period - Shot Misses the Net.
5:00 of 1st overtime period - REGINA FALCONS, Jonathan Miller.
5:00 of 1st overtime period - Stopped by Darcy Kuemper.
5:00 of 1st overtime period - Round #2.
5:00 of 1st overtime period - COLORADO GLACIERCATS, Brayden Schenn.
5:00 of 1st overtime period - Stopped by Frederik Andersen.
5:00 of 1st overtime period - REGINA FALCONS, Ryan Getzlaf.
5:00 of 1st overtime period - Stopped by Darcy Kuemper.
5:00 of 1st overtime period - Round #3.
5:00 of 1st overtime period - COLORADO GLACIERCATS, Tomas Hertl.
5:00 of 1st overtime period - Goal by Tomas Hertl.
5:00 of 1st overtime period - REGINA FALCONS, David Pastrnak.
5:00 of 1st overtime period - Stopped by Darcy Kuemper.


CAMERON
TALBOT
ROBERT
THOMAS
JOSHUA
MORRISSEY

EAST COAST

HOCKEY LEAGUE

  • 5.MAN2PIT5
  • 6.NHW2ATL6
  • 7.PET2WOR3
  • 8.RHI15
  • 9.CHIQUE
  • 10.LIMCHA
  • 11.LONTRV
  • 12.BALCHW